 Dungeon Crawl Stone Soup version 0.31-a0-265-gcf7e37af1d (webtiles) character file.

Game seed: 9592507814327562991

55 qw the Shooter (level 3, -4/21 HPs)
             Began as a Gargoyle Hexslinger on July 13, 2023.
             Slain by an orc
             ... wielding a +0 flail
              (8 damage)
             ... on level 3 of the Dungeon.
             The game lasted 00:00:31 (1256 turns).

qw the Shooter (Gargoyle Hexslinger)                Turns: 1256, Time: 00:00:31

Health: -4/21      AC:  9    Str: 11    XL:     3   Next: 93%
Magic:  4/4        EV: 10    Int: 13    God:
Gold:   52         SH:  0    Dex: 14    Spells: 3/4 levels left

rFire   . . .        Y - +1 sling
rCold   . . .        (no shield)
rNeg    + . .        d - +0 ring mail
rPois   inf          (no helmet)
rElec   +            (no cloak)
rCorr   .            e - +0 pair of gloves
SInv    .            (no boots)
Will    .....        (no amulet)
Stlth   +            (no ring)
HPRegen 0.23/turn    (no ring)
MPRegen 0.09/turn

%: no passive effects
@: no status effects
A: sickness immunity, AC +3, negative energy resistance 1, electricity
resistance, torment resistance 1, petrification resistance
a: no special abilities


You were on level 3 of the Dungeon.
You visited 1 branch of the dungeon, and saw 3 of its levels.

You collected 52 gold pieces.


Innate Abilities, Weirdness & Mutations

You are immune to sickness and miasma.
Your stone body is resilient. (AC +3)
You are immune to poison.
You resist negative energy. (rN+)
You are resistant to electric shocks. (rElec)
You are resistant to unholy torment.
You are immune to petrification.


   Skills:
 - Level 2.2 Fighting
 - Level 3.4 Ranged Weapons
 + Level 0.9 Armour
 - Level 1.5 Dodging
 - Level 1.0 Spellcasting
 - Level 2.6 Hexes


You had 3 spell levels left.
You knew the following spells:

 Your Spells              Type           Power      Damage    Failure   Level
a - Slow                  Hex            28%        N/A       22%         1

Your spell library contained the following spells:

 Spells                   Type           Power      Damage    Failure   Level
 Inner Flame              Hex/Fire       4%         N/A       75%         3
 Portal Projectile        Hex/Tloc       8%         N/A       75%         3
 Cause Fear               Hex            3%         N/A       92%         4

Inventory:

Hand Weapons
 Y - a +1 sling (weapon)
Armour
 d - a +0 ring mail (worn)
 e - a +0 pair of gloves (worn)
Potions
 a - a potion of enlightenment {unknown}
 b - a potion of heal wounds
 c - a potion of ambrosia {unknown}
 f - a potion of curing

Dungeon Overview and Level Annotations

Branches:
Dungeon (3/15)

Altars:
Cheibriados


Message History

You shoot a sling bullet. The sling bullet hits the orc.
You kill the orc!
The orc misses you.
You shoot a sling bullet.
The sling bullet closely misses the orc.
The orc closely misses you. The orc hits you with a +0 dagger.
You shoot a sling bullet.
The sling bullet hits the orc but does no damage.
The orc barely misses you. The orc closely misses you.
You shoot a sling bullet. The sling bullet hits the orc.
The orc is moderately wounded.
The orc hits you but does no damage. The orc hits you with a +0 dagger.
You shoot a sling bullet.
The sling bullet closely misses the orc.
You hear the slow rusting of a very distant drain.
The orc hits you with a +0 flail. The orc hits you but does no damage.
The orc hits you with a +0 flail.
The orc priest invokes the aid of Beogh against you.
You barely resist. The orc hits you with a +0 dagger.
An orc comes into view. It is wielding a +0 falchion.
You shoot a sling bullet.
The sling bullet closely misses the orc.
The orc shouts!
The orc closely misses you. The orc hits you but does no damage.
You shoot a sling bullet. The sling bullet barely misses the orc.
The orc barely misses you. x2
You shoot a sling bullet. The sling bullet barely misses the orc.
The orc closely misses you. The orc hits you but does no damage.
The orc barely misses you. x2
You shoot a sling bullet. The sling bullet hits the orc!
You kill the orc!
The orc hits you with a +0 flail.
The orc priest begins to cast a cantrip, but forgets the words!
You shoot a sling bullet. The sling bullet hits the orc priest!
The orc priest is heavily wounded.
The orc closely misses you.
The orc priest looks braver for a moment.
The orc hits you with a +0 falchion. The orc priest barely misses you.
The orc hits you with a +0 flail!
You die...

..#! ### .#.#####.. ..
.. ........ ##. # #..
...)..### ... ..#..#
o...... #..
...$.o.#.$..#.#.. #.#
#........).......
#.#..#.#.#.###o#
.###.##.#......o@)#
....<.#.#.#....o#.#
####..#.#.#.......#
........#......#####..
........###...........
........#####.........
......................
........######........
######### .....####


You could see an orc priest and 2 orcs.

Vanquished Creatures
  2 adders (D:2)
  3 orcs (D:3)
  2 ball pythons
  3 bats
  2 endoplasms (D:2)
  4 goblins
  7 hobgoblins
  2 quokkas (D:2)
  3 frilled lizards
  2 kobolds
  2 rats
32 creatures vanquished.

Notes
Turn   | Place    | Note
-------+----------+-------------------------------------------
     0 | D:1      | qw the Gargoyle Hexslinger began the quest for the Orb.
     0 | D:1      | Reached XP level 1. HP: 12/12 MP: 2/2
     0 | D:1      | 0 ||| qw: Version: 0.3-a-52-g30416fa
     0 | D:1      | 0 ||| qw: Game counter: 7592
     0 | D:1      | 0 ||| qw: Melee chars always use a shield: true
     0 | D:1      | 0 ||| qw: God list: Okawaru
     0 | D:1      | 0 ||| qw: Allow faded altars: false
     0 | D:1      | 0 ||| qw: Do Orc after clearing Dungeon:15 true
     0 | D:1      | 0 ||| qw: Do second Lair branch before Depths: true
     0 | D:1      | 0 ||| qw: Lair rune preference: random
     0 | D:1      | 0 ||| qw: Goals: Normal
     0 | D:1      | 0 ||| PLANNING D:1-11
   127 | D:1      | Reached XP level 2. HP: 16/16 MP: 3/3
   667 | D:1      | 667 ||| UPGRADING to +0 ring mail.
   677 | D:1      | 677 ||| DROPPING +0 robe.
   678 | D:1      | 678 ||| READING scroll labelled KULU GO XEANT.
   679 | D:1      | 679 ||| DRINKING 2 brown potions.
   680 | D:1      | 680 ||| DROPPING scroll of poison.
   759 | D:2      | Reached skill level 3 in Ranged Weapons
   762 | D:2      | 762 ||| FLEEEEING.
   763 | D:2      | 763 ||| FLEEEEING.
   764 | D:2      | 764 ||| FLEEEEING.
   765 | D:2      | 765 ||| FLEEEEING.
   766 | D:2      | 766 ||| FLEEEEING.
   769 | D:2      | 769 ||| FLEEEEING.
   770 | D:2      | 770 ||| FLEEEEING.
   774 | D:2      | Reached XP level 3. HP: 20/20 MP: 4/4
   779 | D:2      | 779 ||| STAIRDANCE
   829 | D:2      | Found a snail-covered altar of Cheibriados.
   910 | D:2      | Found a faded altar of an unknown god.
  1178 | D:2      | 1178 ||| UPGRADING to +0 pair of gloves.
  1183 | D:2      | 1183 ||| DRINKING 2 grey potions.
  1210 | D:3      | 1210 ||| PLANNING SEWER
  1245 | D:3      | 1245 ||| Stepping ~*~*~tactically~*~*~ (outnumbered).
  1256 | D:3      | HP: 4/21 [orc/+0 falchion (3)]
  1256 | D:3      | Slain by an orc

Levels and vault maps discovered:
D:1:      heliophobic_arrival_dark_side_of_the_moon, layout_loops_ring
D:2:      layout_rooms, nicolae_ecumenical_lake_church, basic_altar
D:3:      layout_basic, portal_sewer_entry_e

Skill      XL: |  1  2  3 |
---------------+----------+-----
Ranged Weapons | 3 |  3.4
Fighting       | 2 |  2.2
Armour         | |  0.9
Dodging        | |  1.5
Spellcasting   | |  1.0
Hexes          | |  2.6

Action                     || total
---------------------------++-------
   Fire: Sling             ||   117
    Use: Potion            ||     2
         Scroll            ||     1
 Armour: Robe              ||     2
         Ring mail         ||    18
  Dodge: Dodged            ||    42

Table legend:
 A = Non-vault XP
 B = Vault XP
 C = Vault XP percentage of total XP
 D = Non-vault monster count
 E = Vault monster count
 F = Vault count percentage of total count
                 A         B        C        D         E       F
            +---------+---------+-------+---------+---------+-------
      Total |      79 |       0 |   0.0 |      32 |       0 |   0.0
            +---------+---------+-------+---------+---------+-------
        D:1 |      17 |       0 |   0.0 |      10 |       0 |   0.0
        D:2 |      50 |       0 |   0.0 |      16 |       0 |   0.0
        D:3 |      12 |       0 |   0.0 |       6 |       0 |   0.0
            +---------+---------+-------+---------+---------+-------
